 Dungeon Crawl Stone Soup version 0.28.0 (webtiles) character file.

Game seed: 36661856907359926

74 mortz the Grasshopper (level 4, -1/38 HPs)
             Began as a Gnoll Warper on Feb 12, 2022.
             Was a Follower of Wu Jian.
             Slain by a white imp (2 damage)
             ... summoned by Natasha
             ... on level 2 of the Dungeon.
             The game lasted 00:12:18 (2185 turns).

mortz the Grasshopper (Gnoll Warper)                Turns: 2185, Time: 00:12:19

Health: -1/38      AC:  4    Str: 11    XL:     4   Next: 30%
Magic:  11/11      EV: 13    Int: 12    God:    Wu Jian [*.....]
Gold:   122        SH:  0    Dex: 13    Spells: 13/13 levels left

rFire   . . .      SeeInvis .   a - +0 falchion
rCold   . . .      Faith    .   (no shield)
rNeg    . . .      Spirit   .   b - +0 leather armour
rPois   .          Reflect  .   (no helmet)
rElec   .          Harm     .   (no cloak)
rCorr   .          Rampage  .   (no gloves)
Will    .....                   l - +0 pair of boots
Stlth   +.........              (no amulet)
HPRegen 0.12/turn               (no ring)
MPRegen 0.12/turn               (no ring)

@: slowed, very slow
A: fangs 1, strong nose, distributed training
a: Renounce Religion


You were on level 2 of the Dungeon.
You worshipped Wu Jian.
Wu Jian was aware of your devotion.
You visited 1 branch of the dungeon, and saw 2 of its levels.

You collected 122 gold pieces.

Inventory:

Hand Weapons
 a - a +0 falchion (weapon)
 i - a +0 dagger
 j - a +0 short sword
 q - a +0 club
Missiles
 m - 24 stones (quivered)
 n - 18 bolts
 r - 4 boomerangs
Armour
 b - a +0 leather armour (worn)
 k - a +0 leather armour
 l - a +0 pair of boots (worn)
Scrolls
 e - a scroll of identify {unknown}
 f - 2 scrolls of enchant armour {unknown}
 g - a scroll of fog {unknown}
 o - a scroll of teleportation {unknown}
 p - a scroll of enchant weapon {unknown}
Potions
 h - 2 potions of magic {unknown}
 t - a potion of heal wounds {unknown}


   Skills:
 + Level 4.6 Fighting
 + Level 1.1 Short Blades
 + Level 4.6 Long Blades
 + Level 1.1 Axes
 + Level 1.1 Maces & Flails
 + Level 1.1 Polearms
 + Level 1.1 Staves
 + Level 1.1 Slings
 + Level 1.1 Bows
 + Level 1.1 Crossbows
 + Level 2.7 Throwing
 + Level 2.7 Armour
 + Level 4.6 Dodging
 + Level 1.1 Stealth
 + Level 1.1 Shields
 + Level 1.1 Unarmed Combat
 + Level 5.0 Spellcasting
 + Level 0.8 Conjurations
 + Level 0.8 Hexes
 + Level 0.8 Summonings
 + Level 0.8 Necromancy
 + Level 5.4 Translocations
 + Level 0.8 Transmutations
 + Level 0.8 Fire Magic
 + Level 0.8 Ice Magic
 + Level 0.8 Air Magic
 + Level 0.8 Earth Magic
 + Level 0.8 Poison Magic
 + Level 1.2 Invocations
 + Level 1.1 Evocations


You had 13 spell levels left.
You didn't know any spells.
Your spell library contained the following spells:

 Spells                   Type           Power      Damage    Failure   Level
 Blink                    Tloc           32%        N/A       4%          2
 Gell's Gravitas          Tloc           16%        N/A       8%          3
 Lesser Beckoning         Tloc           16%        N/A       8%          3
 Teleport Other           Tloc           16%        N/A       8%          3
 Manifold Assault         Tloc           16%        N/A       58%         5
 Borgnjor's Revivificati  Necr           2%         N/A       100%        8
 Necromutation            Tmut/Necr      2%         N/A       100%        8
 Death's Door             Necr           2%         N/A       100%        9


Dungeon Overview and Level Annotations

Branches:
Dungeon (2/15)

Altars:
Wu Jian

Annotations:
D:2 Natasha


Innate Abilities, Weirdness & Mutations

You have very sharp teeth.
Your uncanny sense of smell can sniff out nearby items.
Your experience applies equally to all skills.


Message History

The white imp hits you. The white imp freezes you.
You hit Natasha.
Natasha is lightly wounded.
Natasha claws you! The white imp closely misses you.
Natasha closely misses you.
The white imp hits you but does no damage.
You barely miss Natasha.
Natasha is lightly wounded.
Natasha barely misses you. The white imp gestures at you.
The puff of frost hits you.
You closely miss Natasha.
Natasha is lightly wounded.
Natasha barely misses you.
The white imp hits you but does no damage.
Natasha barely misses you.
The white imp grinds its teeth.
The white imp barely misses you.
You hit Natasha but do no damage.
Natasha is lightly wounded.
Natasha claws you but does no damage. The white imp gestures at you.
The puff of frost hits you.
* * * LOW HITPOINT WARNING * * *
Blink to where?
Press: ? - help, Dir - move target
As you read the scroll of blinking, it crumbles to dust.
Natasha wildly gestures.
Natasha's front paws start to glow.
Natasha mewls in sadness.
You hit the white imp.
The white imp is heavily wounded.
The white imp hits you but does no damage. x2
You hit the white imp.
The white imp is heavily wounded.
The white imp gestures at you. The puff of frost hits you!
* * * LOW HITPOINT WARNING * * *
The white imp hits you.
You die...

#.#### #.#......# #. #.
#....# #.#.#.##.# #. #.
####.# #.#.#.## #.##.
#.# #.#.#.##.###....
#.# #>..............
##'####...#..#......##
#....##..<# ......#.#
#....##รท####.#.##.#.##
#....@5h.....# #.#.#.
#....##.###### #.#.#.
#............# #.#.#.
#.....#.####.####.#.#.
#.....#...............
#.....################
#.....####....#
#........'>...#
#.....####....# ###


You could see Natasha and a white imp (summoned).

Vanquished Creatures
  Natasha (twice) (D:2)
  A worm (D:2)
  A ball python (D:2)
  3 endoplasms
  5 goblins
  3 hobgoblins
  2 bats (D:1)
  A frilled lizard (D:1)
  2 kobolds (D:2)
  2 rats
22 creatures vanquished.

Notes
Turn   | Place    | Note
-------+----------+-------------------------------------------
     0 | D:1      | mortz the Gnoll Warper began the quest for the Orb.
     0 | D:1      | Reached XP level 1. HP: 20/20 MP: 6/6
   482 | D:1      | Found a faded altar of an unknown god.
   489 | D:1      | Prayed at the altar of an unknown god.
   489 | D:1      | Became a worshipper of the Wu Jian Council
   489 | D:1      | Reached * piety under Wu Jian
   568 | D:1      | Reached XP level 2. HP: 26/26 MP: 7/7
  1524 | D:2      | Noticed Natasha
  1537 | D:2      | Killed Natasha
  1538 | D:2      | Reached skill level 5 in Spellcasting
  1538 | D:2      | Reached skill level 1 in Invocations
  1538 | D:2      | Reached XP level 3. HP: 7/31 MP: 7/9
  1844 | D:2      | Noticed Natasha
  1851 | D:2      | Killed Natasha
  1852 | D:2      | Reached skill level 1 in Short Blades
  1852 | D:2      | Reached skill level 1 in Axes
  1852 | D:2      | Reached skill level 1 in Maces & Flails
  1852 | D:2      | Reached skill level 1 in Polearms
  1852 | D:2      | Reached skill level 1 in Staves
  1852 | D:2      | Reached skill level 1 in Slings
  1852 | D:2      | Reached skill level 1 in Bows
  1852 | D:2      | Reached skill level 1 in Crossbows
  1852 | D:2      | Reached skill level 1 in Stealth
  1852 | D:2      | Reached skill level 1 in Shields
  1852 | D:2      | Reached skill level 1 in Unarmed Combat
  1852 | D:2      | Reached skill level 1 in Evocations
  1852 | D:2      | Reached XP level 4. HP: 30/38 MP: 11/11
  2169 | D:2      | Noticed Natasha
  2185 | D:2      | HP: 1/38 [white imp/puff of frost[Natasha] (7)]
  2185 | D:2      | Slain by a white imp

Illustrated notes

Levels and vault maps discovered:
D:1:      scummos_arrival_checkerplants, layout_loops_corners,
          ebering_ecumenical_altar_rust
D:2:      layout_basic, uniq_natasha

Skill      XL: |  1  2  3 |
---------------+----------+-----
Spellcasting   | 5 |  5.0
Invocations    | 1 |  1.2
Short Blades   | 1 |  1.1
Axes           | 1 |  1.1
Maces & Flails | 1 |  1.1
Polearms       | 1 |  1.1
Staves         | 1 |  1.1
Slings         | 1 |  1.1
Bows           | 1 |  1.1
Crossbows      | 1 |  1.1
Stealth        | 1 |  1.1
Shields        | 1 |  1.1
Unarmed Combat | 1 |  1.1
Evocations     | 1 |  1.1
Fighting       | |  4.6
Long Blades    | |  4.6
Throwing       | |  2.7
Armour         | |  2.7
Dodging        | |  4.6
Conjurations   | |  0.8
Hexes          | |  0.8
Summonings     | |  0.8
Necromancy     | |  0.8
Translocations | |  5.4
Transmutations | |  0.8
Fire Magic     | |  0.8
Ice Magic      | |  0.8
Air Magic      | |  0.8
Earth Magic    | |  0.8
Poison Magic   | |  0.8

Action                   |  1- 3 |  4- 6 || total
-------------------------+-------+-------++-------
Melee: Falchion          |    73 |    16 ||    89
       Bite              |     6 |     3 ||     9
       Punch             |     1 |     1 ||     2
Throw: Boomerang         |     5 |       ||     5
Invok: Lunge             |     2 |       ||     2
       Whirlwind         |     5 |       ||     5
  Use: Scroll            |       |     1 ||     1
Armor: Leather armour    |    13 |     5 ||    18
Dodge: Dodged            |    38 |    11 ||    49
